 Dungeon Crawl Stone Soup version 0.32-a0-576-g706899e69d (webtiles) character file.

Game seed: 14846628131838351554

50 javelincjr the Grasshopper (level 3, 0/28 HPs)
             Began as a Demonspawn Warper on Mar 1, 2024.
             Slain by Edmund
             ... wielding a +1 flail of protection
              (3 damage)
             ... on level 4 of the Dungeon.
             The game lasted 00:08:53 (1999 turns).

javelincjr the Grasshopper (Demonspawn Warper)      Turns: 1999, Time: 00:08:53

Health: 0/28       AC:  7    Str: 17    XL:     3   Next: 55%
Magic:  0/6        EV: 12    Int: 15    God:
Gold:   144        SH:  0    Dex: 12    Spells: 2/6 levels left

rFire   . . .        g - +9 mace of Meul {spect, rElec Str+4}
rCold   . . .        (no shield)
rNeg    . . .        b - +0 leather armour
rPois   .            k - +0 helmet
rElec   +            x - +2 cloak
rCorr   .            (no gloves)
SInv    .            (no boots)
Will    .....        B - amulet of guardian spirit
Stlth   +            i - ring of wizardry
HPRegen 0.24/turn    (no ring)
MPRegen 0.10/turn

%: guardian spirit, wizardry (x1)
@: studying Translocations
A: powered by pain 1, big brain 1
a: no special abilities


You were on level 4 of the Dungeon.
You visited 1 branch of the dungeon, and saw 4 of its levels.

You collected 144 gold pieces.

Inventory:

Hand Weapons
 a - a +0 spear
 g - the +9 mace of Meul (weapon) {spect, rElec Str+4}
   (You found it on level 4 of the Dungeon)

   Str+4:     It affects your strength (+4).
   rElec:     It insulates you from electricity.
 s - a +0 eveningstar
 w - a +0 sling
 D - a +1 vampiric glaive
Missiles
 d - 7 darts of dispersal
 h - 25 stones
 j - 6 poisoned darts
 o - 6 boomerangs (quivered)
Armour
 b - a +0 leather armour (worn)
 k - a +0 helmet (worn)
 l - a +0 hat
 q - a +0 plate armour
 u - a +0 ring mail
 x - a +2 cloak (worn)
Jewellery
 f - a ring of ice
 i - a ring of wizardry (left hand)
 B - an amulet of guardian spirit (around neck)
Wands
 z - a wand of iceblast (11)
Scrolls
 c - a scroll of blinking
 n - a scroll of immolation
 v - a scroll of brand weapon
Potions
 e - 2 potions of haste
 m - a potion of curing {unknown}
 p - a potion of brilliance {unknown}
 r - a potion of resistance


   Skills:
 * Level 2.4 Fighting
 + Level 2.1 Polearms
 + Level 1.3 Throwing
 + Level 1.4 Armour
 + Level 2.0 Dodging
 + Level 2.2 Spellcasting
 + Level 3.0 Translocations


You had 2 spell levels left.
You knew the following spells:

 Your Spells              Type           Power      Damage    Failure   Level
a - Blink                 Tloc           20%        N/A       4%          2
b - Lesser Beckoning      Tloc           20%        N/A       4%          2

Your spell library contained the following spells:

 Spells                   Type           Power      Damage    Failure   Level
 Necrotise                Necr           4%         1d4       11%         1
 Teleport Other           Tloc           10%        N/A       9%          3
 Manifold Assault         Tloc           10%        N/A       28%         4
 Vampiric Draining        Necr           1%         2d6       30%         3
 Vhi's Electric Charge    Tloc/Air       12%        N/A       45%         4
 Martyr's Knell           Necr/Summ      1%         N/A       67%         4
 Curse of Agony           Necr           1%         N/A       94%         5


Dungeon Overview and Level Annotations

Branches:
Dungeon (4/15)
 Temple: D:4-7

Altars:

Annotations:
D:3 3 runed translucent doors, Robin; grandjackal's ghost, amateur DsGl
D:4 Edmund


Innate Abilities, Weirdness & Mutations

You sometimes gain a little power by taking damage.
You have an unusually large brain. (Int +2)


Message History

Your +9 mace of Meul {spect, rElec Str+4} misses Edmund.
Edmund completely misses you. Edmund hits you but does no damage.
You hit Edmund.
Edmund is moderately wounded.
Your +9 mace of Meul {spect, rElec Str+4} closely misses Edmund.
Edmund misses you.
You hit Edmund but do no damage.
Edmund is moderately wounded.
Your +9 mace of Meul {spect, rElec Str+4} hits Edmund.
Edmund hits you with a +1 flail of protection.
Edmund hits you but does no damage.
You hit Edmund but do no damage.
Edmund is moderately wounded.
Your +9 mace of Meul {spect, rElec Str+4} hits Edmund but does no damage.
Edmund hits you with a +1 flail of protection!
You sock Edmund!
Edmund is heavily wounded.
Your +9 mace of Meul {spect, rElec Str+4} barely misses Edmund.
Edmund hits you with a +1 flail of protection.
You are too injured to fight recklessly!
You are too injured to fight recklessly!
You are too injured to fight recklessly!
You are too injured to fight recklessly!
You hit Edmund.
Edmund is heavily wounded.
Your +9 mace of Meul {spect, rElec Str+4} hits Edmund.
Edmund hits you with a +1 flail of protection!
* * * LOW HITPOINT WARNING * * *
Edmund misses you.
You closely miss Edmund.
Edmund is severely wounded.
Your +9 mace of Meul {spect, rElec Str+4} hits Edmund!
Edmund hits you with a +1 flail of protection.
* * * LOW HITPOINT WARNING * * *
You closely miss Edmund.
Edmund is severely wounded.
Your +9 mace of Meul {spect, rElec Str+4} barely misses Edmund.
Edmund hits you with a +1 flail of protection.
You die...
Edmund says, "That'll show my brother!"

######.#######[.....
#.......##...#......
#.......##...#......
#.......##...#......
######.......#######
#.....### # #######
#.....####### #
.......###.....#.....###
......(@.......+........
......@###.....#.....###
>.......<.........^....#
.......###.##...#####.##
....... #.####... ..#.
####### #.# #######.#.
#.# .... #.# ###.


You could see Edmund and a friendly +9 mace of Meul {spect, rElec Str+4}.

Vanquished Creatures
  An adder (D:4)
  A dart slug (D:2)
  An orc (D:4)
  4 endoplasms
  A giant cockroach (D:2)
  8 goblins
  4 hobgoblins
  2 ball pythons
  2 bats (D:2)
  A frilled lizard (D:2)
  2 kobolds
  5 rats
32 creatures vanquished.

Vanquished Creatures (collateral kills)
  A giant cockroach (D:4)
  A goblin (D:4)
  A kobold (D:4)
3 creatures vanquished.

Grand Total: 35 creatures vanquished

Notes
Turn   | Place    | Note
-------+----------+-------------------------------------------
     0 | D:1      | javelincjr the Demonspawn Warper began the quest for the
                  | Orb.
     0 | D:1      | Reached XP level 1. HP: 16/16 MP: 3/3
    64 | D:1      | Found a faded altar of an unknown god.
    71 | D:1      | Reached skill level 1 in Armour
   438 | D:1      | Reached skill level 1 in Throwing
   984 | D:2      | Gained mutation: You sometimes gain a little power by
                  | taking damage. [demonic ancestry]
   984 | D:2      | Reached XP level 2. HP: 21/22 MP: 5/5
  1604 | D:2      | Learned a level 2 spell: Blink
  1607 | D:2      | Learned a level 2 spell: Lesser Beckoning
  1667 | D:3      | Noticed Robin
  1673 | D:3      | Gained mutation: You have an unusually large brain. (Int
                  | +2) [demonic ancestry]
  1673 | D:3      | Reached XP level 3. HP: 23/27 MP: 4/6
  1684 | D:3      | Found a runed translucent gate.
  1685 | D:3      | Found a runed translucent gate.
  1685 | D:3      | Found a runed translucent gate.
  1688 | D:3      | Noticed grandjackal's ghost (amateur DsGl)
  1761 | D:4      | Reached skill level 3 in Translocations
  1911 | D:4      | Identified the +9 mace of Meul {spect, rElec Str+4}
  1988 | D:4      | Noticed Edmund
  1999 | D:4      | Slain by Edmund

Illustrated notes

Levels and vault maps discovered:
D:1:      nicolae_arrival_memento_mori, layout_loops_corners,
          hellmonk_ecumenical_altar_heavens_door
D:2:      layout_loops_ring, chequers_serial_rivers_micro_c, minivault_26,
          serial_bayou_pond_d
D:3:      layout_basic, ebering_ghost_rock_garden, uniq_jessica, uniq_robin
D:4:      layout_basic, minmay_temple_entry_hall, lightli_sewer_entry_pipes,
          uniq_edmund

Skill      XL: |  1  2  3 |
---------------+----------+-----
Armour         | 1 |  1.4
Throwing       | 1 |  1.3
Polearms       | 2 |  2.1
Dodging        | 2 |  2.0
Translocations | 3 |  3.0
Fighting       | |  2.4
Spellcasting   | |  2.2

Action                     || total
---------------------------++-------
  Melee: Spear             ||    12
         Eveningstar       ||    50
         Glaive            ||    23
         Mace              ||     9
  Throw: Boomerang         ||     1
   Cast: Blink             ||     1
    Use: Scroll            ||     9
         Potion            ||     1
   Stab: Sleeping          ||     2
 Armour: Leather armour    ||    83
  Dodge: Dodged            ||    65

Table legend: (Time is in decaauts)
 A = Elapsed time spent in this place.
 B = Non-inter-level travel time spent in this place.
 C = Inter-level travel time spent in this place.
 D = Time resting spent in this place.
 E = Time spent auto-exploring this place.
 F = Levels seen in this place.
 G = Mean time per level.
                   A        B        C        D        E       F      G
               +--------+--------+--------+--------+--------+-----+--------+
         Total |   2021 |   1920 |    101 |     15 |   1410 |   4 |  505.2 |
       Dungeon |   2021 |   1920 |    101 |     15 |   1410 |   4 |  505.2 |
               +--------+--------+--------+--------+--------+-----+--------+

Top non-repeatable levels by time:
     D:1: 921 daAuts
     D:2: 745 daAuts
     D:4: 296 daAuts
     D:3: 58 daAuts
